 Dungeon Crawl Stone Soup version 0.24.1-14-gf8d2b509d9 (webtiles) character file.

Game seed: 12904828088596129040, levelgen mode: deterministic

142 KlarStein the Skirmisher (level 5, -2/42 HPs)
             Began as a Demonspawn Fighter on July 8, 2020.
             Was an Initiate of Ashenzari.
             Killed by divine providence
             ... invoked by an orc priest
              (11 damage)
             ... on level 3 of the Dungeon.
             The game lasted 00:19:00 (2761 turns).

KlarStein the Skirmisher (Demonspawn Fighter)       Turns: 2761, Time: 00:19:01

Health: -2/42      AC:  8    Str: 18    XL:     5   Next: 4%
Magic:  5/5        EV:  7    Int:  9    God:    Ashenzari [......]
Gold:   135        SH:  9    Dex: 12    Spells: 4/4 levels left

rFire    . . .     SeeInvis .   a - +0 long sword (curse)
rCold    . . .     Gourm    .   c - +0 shield (curse)
rNeg     . . .     Faith    .   b - +0 scale mail (curse)
rPois    .         Spirit   .   (helmet restricted)
rElec    .         Reflect  .   (no cloak)
rCorr    .         Harm     .   (no gloves)
MR       .....                  (no boots)
Stlth    ..........             (no amulet)
HPRegen  0.14/turn              (no ring)
MPRegen  0.09/turn              (no ring)

@: no status effects
A: antennae 1, thin metallic scales 1
a: Curse Item, Renounce Religion


You were on level 3 of the Dungeon.
You worshipped Ashenzari.
Ashenzari was noncommittal.
You were not hungry.

You visited 1 branch of the dungeon, and saw 3 of its levels.

You collected 135 gold pieces.

Inventory:

Hand Weapons
 a - a cursed +0 long sword (weapon)
Armour
 b - a cursed +0 scale mail (worn)
 c - a cursed +0 shield (worn)
Scrolls
 e - a scroll of remove curse
 g - a scroll of identify
Potions
 i - a potion of ambrosia
 j - a potion of degeneration {unknown}
Comestibles
 d - 8 chunks of flesh
 f - 5 rations


   Skills:
 + Level 3.8 Fighting
 + Level 2.8 Long Blades
 + Level 3.4 Armour
 + Level 3.5 Shields


You had 4 spell levels left.
You didn't know any spells.
Your spell library was empty.

Dungeon Overview and Level Annotations

Branches:
Dungeon (3/15)

Altars:
Ashenzari
Ru


Innate Abilities, Weirdness & Mutations

You have a pair of small antennae on your head.
You are partially covered in thin metallic scales. (AC +2)


Message History

You barely miss the orc wizard.
The orc wizard hits you but does no damage.
You closely miss the orc wizard. You block the orc wizard's attack.
The orc wizard casts a spell at you.
You are confused.
You're too confused!
You bump into the rock wall.
The orc wizard points at you and mumbles some strange words.
The puff of flame hits you.
* * * LOW HITPOINT WARNING * * *
You're too confused to move!
The orc wizard hits you but does no damage.
You bump into the rock wall.
The orc wizard barely misses you.
You bump into the rock wall.
The orc wizard hits you but does no damage.
You're too confused!
You feel less confused.
The orc priest invokes the aid of Beogh against you.
Beogh smites you!
You die...

#.....o.....# #...###
##...........# #.).#
..##.##'##########...#
..##.##..........#...####
...#.#......(....o.......
...#.#o#########o#.######
...#.........#
#o#............#
...#.........#
#.#####......#.#
...#......<..# #@#
#........# >..#.........#
#.# #........#
...#.#.####### #.# #..
.....# # ...#.#.# #.#
#.##.....# ...#.#.#
#.#####.##.....# ...#.#.
#........)...# ...#.#
#########.###..# ##.#.#
#...........#..# #.#.#
######...........#..#


You could see an orc priest, an orc wizard and an orc.

Vanquished Creatures
  Natasha (twice) (D:2)
  An orc wizard (D:3)
  An ooze (D:1)
  2 worms
  2 leopard geckos
  4 orcs
  3 ball pythons
  2 bats (D:2)
  4 giant cockroaches
  10 goblins
  5 hobgoblins
  3 jackals (D:3)
  3 frilled lizards (D:1)
  3 kobolds
  7 rats
52 creatures vanquished.

Notes
Turn   | Place    | Note
-------+----------+-------------------------------------------
     0 | D:1      | KlarStein the Demonspawn Fighter began the quest for the
                  | Orb.
     0 | D:1      | Reached XP level 1. HP: 18/18 MP: 1/1
   251 | D:1      | Gained mutation: You have a pair of small antennae on your
                  | head. [demonic ancestry]
   251 | D:1      | Reached XP level 2. HP: 24/24 MP: 2/2
   896 | D:2      | Gained mutation: You are partially covered in thin metallic
                  | scales. (AC +2) [demonic ancestry]
   896 | D:2      | Reached XP level 3. HP: 26/29 MP: 3/3
  1235 | D:2      | Noticed Natasha
  1245 | D:2      | Killed Natasha
  1648 | D:2      | Reached XP level 4. HP: 35/35 MP: 4/4
  1818 | D:2      | Noticed Natasha
  2150 | D:2      | Killed Natasha
  2461 | D:3      | Found a shattered altar of Ashenzari.
  2568 | D:3      | Became a worshipper of Ashenzari the Shackled
  2692 | D:3      | Found a shattered altar of Ashenzari.
  2693 | D:3      | Found a sacrificial altar of Ru.
  2725 | D:3      | Reached XP level 5. HP: 38/42 MP: 5/5
  2761 | D:3      | Killed from afar by an orc priest

Levels and vault maps discovered:
D:1:      evilmike_arrival_plus, layout_loops_ring,
          chequers_serial_rivers_micro_c, wander_ebering_terrifying_dragon_lair
D:2:      layout_basic, first_ration, uniq_natasha
D:3:      layout_basic, gammafunk_temple_overflow_statue, ashenzari_altar_1

Skill      XL: |  1  2 |
---------------+-------+-----
Long Blades    | 2 |  2.8
Shields        | 3 |  3.5
Armour         | 3 |  3.4
Fighting       | |  3.8

Action                   |  1- 3 |  4- 6 || total
-------------------------+-------+-------++-------
Melee: Long sword        |   115 |    78 ||   193
Invok: Curse Item        |       |     3 ||     3
  Use: Scroll            |     3 |     2 ||     5
       Potion            |     1 |     1 ||     2
  Eat: Chunk             |     3 |     3 ||     6
Armor: Scale mail        |    64 |    32 ||    96
       Skin              |       |     2 ||     2
Dodge: Dodged            |    23 |    20 ||    43
Block: Shield            |    44 |    29 ||    73
       Rpst.: Long sword |    14 |     9 ||    23
